 Dungeon Crawl Stone Soup version 0.19.4-10-g532645f (webtiles) character file.

1208 Magnus the Carver (level 8, 0/56 HPs)
             Began as a Demonspawn Gladiator on Feb 25, 2017.
             Was an Initiate of Makhleb.
             Slain by an orc warrior
             ... wielding a +0 war axe
              (8 damage)
             ... on level 6 of the Dungeon.
             The game lasted 00:15:17 (4623 turns).

Magnus the Carver (Demonspawn Gladiator)            Turns: 4623, Time: 00:15:18

Health: 0/56       AC:  9    Str: 15    XL:     8   Next: 21%
Magic:  8/8        EV: 18    Int:  9    God:    Makhleb [......]
Gold:   253        SH:  0    Dex: 22    Spells: 0 memorised, 7 levels left

rFire  . . .     SeeInvis .     a - +3 long sword
rCold  . . .     Gourm    .     b - +0 leather armour
rNeg   . . .     Faith    .     (no shield)
rPois  .         Spirit   .     c - +0 helmet
rElec  .         Reflect  .     F - +1 cloak
rCorr  .         Harm     .     y - +0 pair of gloves (curse)
MR     .....                    (no boots)
Stlth  ++........               w - amulet of regeneration
                                (no ring)
                                (no ring)

@: agile
A: hooves 1, molten scales 1, powered by pain 2, spiny 1
a: Renounce Religion


You were on level 6 of the Dungeon.
You worshipped Makhleb.
Makhleb was noncommittal.
You were not hungry.

You visited 2 branches of the dungeon, and saw 7 of its levels.

You collected 335 gold pieces.
You spent 82 gold pieces at shops.

Inventory:

Hand Weapons
 a - a +3 long sword (weapon)
 D - the +1 mace of the Living Dead {crush, rC+ MR+, unknown}
   (You found it on level 4 of the Dungeon)

   It inflicts extra damage upon your enemies.
   It protects you from cold.
   It affects your resistance to hostile enchantments.
Missiles
 E - a throwing net (quivered)
Armour
 b - a +0 leather armour (worn)
 c - a +0 helmet (worn)
 l - +0 ice dragon scales
 y - a cursed +0 pair of gloves (worn)
 F - a +1 cloak (worn)
Jewellery
 w - an amulet of regeneration (around neck)
Wands
 i - a wand of iceblast (8/15)
 j - a wand of hasting (4/9)
 s - a wand of confusion (27/48)
 z - a wand of flame (32/48)
 I - a wand of flame (34/48)
Scrolls
 g - 2 scrolls of magic mapping
 p - 2 scrolls of blinking
 r - 5 scrolls of remove curse
 v - 4 scrolls of identify
 x - a scroll of recharging
 J - a scroll of teleportation
Potions
 d - 2 potions of degeneration {unknown}
 e - 4 potions of curing
 h - 2 potions of resistance {unknown}
 n - a potion of heal wounds {unknown}
 o - a potion of invisibility {unknown}
 q - a potion of haste
 u - a potion of flight {unknown}
 A - a potion of mutation {unknown}
 G - a potion of might {unknown}
 H - a potion of agility {unknown}
 K - a potion of berserk rage {unknown}
Books
 C - a book of Minor Magic

   Spells                             Type                      Level
   a - Magic Dart                     Conjuration                  1
   b - Blink                          Translocation                2
   c - Call Imp                       Summoning                    2
   d - Repel Missiles                 Charms/Air                   2
   e - Slow                           Hexes                        2
   f - Conjure Flame                  Conjuration/Fire             3
   g - Mephitic Cloud                 Conjuration/Poison/Air       3
Comestibles
 f - 3 bread rations
 k - 4 meat rations
 m - a beef jerky
 t - a royal jelly
 B - 2 chunks of flesh


   Skills:
 - Level 2.0 Fighting
 + Level 9.4 Long Blades
 - Level 1.7 Throwing
 - Level 2.6 Dodging


You had 7 spell levels left.
You didn't know any spells.

Dungeon Overview and Level Annotations

Branches:
Dungeon (6/15)             Temple (1/1) D:5

Altars:
Ashenzari
Cheibriados
Dithmenos
Elyvilon
Fedhas
Gozag
Hepliaklqana
Kikubaaqudgha
Makhleb
Nemelex Xobeh
Okawaru
Qazlal
Ru
Sif Muna
Trog
Uskayaw
Vehumet
Xom
Zin
The Shining One

Shops:
D:5 ?


Innate Abilities, Weirdness & Mutations

You have large cloven feet.
You are partially covered in molten scales. (AC +2)
You sometimes gain power by taking damage.
You are partially covered in sharp spines.


Message History

An orc wizard comes into view. It is wielding a dagger.
The orc wizard shouts!
You hit the orc warrior but do no damage.
You kick the orc warrior, but do no damage.
The orc warrior is severely wounded.
The orc wizard gestures wildly while chanting.
The orc wizard seems to speed up.
The orc warrior closely misses you.
You hit the orc warrior.
The orc warrior is severely wounded.
You hit the orc warrior but do no damage.
The orc warrior is severely wounded.
The orc warrior hits you with a war axe!!
* * * LOW HITPOINT WARNING * * *
An orc priest comes into view. It is wielding a hand axe.
Unknown command.
The orc priest shouts!
You hit the orc warrior. Your kick misses the orc warrior.
The orc warrior is severely wounded.
The orc warrior hits you with a war axe!
You die...

#...# #.###...# #...#
#.####..########
######...#######.......##.....#
..............o.#####.###.....#
......<..o.......###..........#
.............o..o....>###.....#
######...#######o##.....#.....#
#...# #o##>....####### #...#
#@#......##### ####...#
#.#..(.......# #<.....#
#.#......###.# #.##...#
#......#####.##### ###.##...#
###............... ....######
####.##.##.##.## ##........
#.......##.# .#..#.###.
####....##.# ....[.# #.#####.#


You could see an orc warrior, an orc priest, an orc wizard and an orc.

Vanquished Creatures
  Pikel (D:3)
  Eustachio (D:4)
  A sky beast (D:6)
  A wyvern skeleton (D:6)
  2 orc wizards (D:4)
  2 orc priests
  Crazy Yiuf (D:4)
  2 hounds
  A bullfrog skeleton (D:6)
  3 gnolls (D:3)
  10 adders
  A shadow imp (D:6)
  An ooze (D:3)
  2 worms
  3 dart slugs
  The ghost of letownia the Magician, a weakling OpWz (D:3)
  4 leopard geckos
  19 orcs
  7 goblins
  10 hobgoblins
  3 jackals (D:5)
  5 quokkas
  A ball python (D:2)
  8 bats
  6 frilled lizards
  A jackal zombie (D:5)
  7 kobolds
  6 rats
110 creatures vanquished.

Notes
Turn   | Place    | Note
-------+----------+-------------------------------------------
     0 | D:1      | Magnus the Demonspawn Gladiator began the quest for the Orb.
     0 | D:1      | Reached XP level 1. HP: 16/16 MP: 1/1
    54 | D:1      | Reached skill level 3 in Long Blades
   288 | D:1      | Gained mutation: You are partially covered in sharp spines. [demonic ancestry]
   288 | D:1      | Reached XP level 2. HP: 13/22 MP: 2/2
   676 | D:2      | Reached XP level 3. HP: 16/27 MP: 3/3
   947 | D:2      | Reached skill level 4 in Long Blades
  1291 | D:2      | Found a hide-covered altar of Uskayaw.
  1303 | D:2      | Gained mutation: You sometimes gain a little power by taking damage. [demonic ancestry]
  1303 | D:2      | Reached XP level 4. HP: 33/33 MP: 4/4
  1791 | D:3      | Reached skill level 5 in Long Blades
  1882 | D:3      | Found an opulent altar of Gozag.
  1994 | D:3      | Gained mutation: You have large cloven feet. [demonic ancestry]
  1994 | D:3      | Reached XP level 5. HP: 33/38 MP: 5/5
  2018 | D:3      | Found a faded altar of an unknown god.
  2032 | D:3      | Noticed letownia's ghost (weakling OpWz)
  2069 | D:3      | Killed letownia's ghost
  2394 | D:3      | Reached skill level 6 in Long Blades
  2585 | D:4      | Found a radiant altar of Vehumet.
  2600 | D:4      | Gained mutation: You are partially covered in molten scales. (AC +2) [demonic ancestry]
  2600 | D:4      | Reached XP level 6. HP: 39/44 MP: 6/6
  2879 | D:4      | Noticed Pikel
  2881 | D:4      | Noticed a slave
  2887 | D:4      | Noticed a slave
  2889 | D:4      | Noticed a slave
  2905 | D:3      | Killed Pikel
  2905 | D:3      | Reached skill level 8 in Long Blades
  2905 | D:3      | Gained mutation: You sometimes gain power by taking damage. [demonic ancestry]
  2905 | D:3      | Reached XP level 7. HP: 17/50 MP: 7/7
  3056 | D:4      | Noticed Eustachio
  3150 | D:4      | Killed Eustachio
  3250 | D:4      | Found a runed door.
  3252 | D:4      | Got a slimy mace
  3257 | D:4      | Noticed Crazy Yiuf
  3265 | D:4      | Killed Crazy Yiuf
  3464 | D:5      | Entered Level 5 of the Dungeon
  3539 | D:5      | Found Tolydghu's Magic Scroll Boutique.
  3549 | D:5      | Bought a scroll of enchant weapon for 82 gold pieces
  3638 | D:5      | Found a blossoming altar of Fedhas.
  3968 | D:5      | Found a staircase to the Ecumenical Temple.
  3977 | Temple   | Entered the Ecumenical Temple
  4003 | Temple   | Became a worshipper of Makhleb the Destroyer
  4263 | D:6      | Reached skill level 9 in Long Blades
  4263 | D:6      | Reached XP level 8. HP: 51/56 MP: 8/8
  4367 | D:6      | Found a shattered altar of Ashenzari.
  4623 | D:6      | Slain by an orc warrior

Skill      XL: |  1  2  3  4  5  6  7 |
---------------+----------------------+-----
Long Blades    | 3 4 5 6 8 9 |  9.4
Fighting       | |  2.0
Throwing       | |  1.7
Dodging        | |  2.6

Action                   |  1- 3 |  4- 6 |  7- 9 || total
-------------------------+-------+-------+-------++-------
Melee: Long sword        |    55 |   130 |    83 ||   268
       Kick              |       |    32 |    25 ||    57
Throw: Throwing net      |       |     2 |     2 ||     4
  Use: Scroll            |       |     9 |     5 ||    14
 Stab: Sleeping          |     1 |     4 |       ||     5
       Held in net/web   |       |     1 |       ||     1
  Eat: Chunk             |     1 |     5 |     6 ||    12
Armor: Leather armour    |    22 |    20 |    36 ||    78
Dodge: Dodged            |    41 |    68 |    46 ||   155
       Rpst.: Long sword |    13 |    20 |    10 ||    43
